 Dungeon Crawl Stone Soup version 0.24.1-11-gbbbb2193e6 (webtiles) character file.

Game seed: 9301748052775145719, levelgen mode: deterministic

628 Hugehornet the Changer (level 7, -2/43 HPs)
             Began as an Octopode Transmuter on May 15, 2020.
             Slain by an orc priest
             ... wielding a +2 flail of draining
              (4 damage)
             ... on level 4 of the Dungeon.
             The game lasted 00:06:55 (2898 turns).

Hugehornet the Changer (Octopode Transmuter)        Turns: 2898, Time: 00:06:57

Health: -2/43      AC:  2    Str: 10    XL:     7   Next: 48%
Magic:  12/12      EV: 21    Int: 17    God:
Gold:   113        SH:  0    Dex: 17    Spells: 3/13 levels left

rFire    . . .     SeeInvis .     - Unarmed
rCold    . . .     Gourm    .   (shield currently unavailable)
rNeg     . . .     Faith    .   (helmet currently unavailable)
rPois    x         Spirit   .   (no amulet)
rElec    .         Reflect  .   (no ring)
rCorr    .         Harm     .   (no ring)
MR       .....                  (no ring)
Stlth    +.........             (no ring)
HPRegen  0.54/turn              (no ring)
MPRegen  0.13/turn              (no ring)
                                (no ring)
                                (no ring)

@: confused, spider-form (expiring), drained
A: tiny, almost no armour, stealthy swim, (amphibious), 8 rings, (constrict 8),
repulsion field 1, regeneration 1
a: End Transformation


You were on level 4 of the Dungeon.
You were not hungry.
You were a venomous arachnid creature.
You visited 1 branch of the dungeon, and saw 4 of its levels.

You collected 113 gold pieces.

Inventory:

Missiles
 a - 38 arrows
Scrolls
 e - a scroll of enchant weapon
 g - a scroll of fog {unknown}
 i - 2 scrolls of blinking {unknown}
 j - 2 scrolls of enchant armour {unknown}
 l - a scroll of identify
 m - a scroll of amnesia {unknown}
 o - a scroll of magic mapping {unknown}
 q - a scroll of fear {unknown}
Potions
 b - a potion of flight
 h - 2 potions of agility
 n - a potion of lignification {unknown}
 p - a potion of haste {unknown}
Comestibles
 c - 4 rations


   Skills:
 - Level 1.0(0.4) Fighting
 - Level 2.0(1.3) Dodging
 + Level 4.4(3.7) Unarmed Combat
 + Level 3.8(3.2) Spellcasting
 * Level 4.7(4.1) Transmutations
 * Level 2.3(1.7) Ice Magic
 - Level 3.5(2.8) Poison Magic


You had 3 spell levels left.
You knew the following spells:

 Your Spells              Type           Power        Failure   Level  Hunger
a - Beastly Appendage     Tmut           ###...       11%         1    None
b - Sticks to Snakes      Tmut           ###.....     14%         2    ##.....
c - Spider Form           Tmut/Pois      ##........   28%         3    ###....
d - Ice Form              Ice/Tmut       ##......     67%         4    ####...

Your spell library contained the following spells:

 Spells                   Type           Power        Failure   Level  Hunger
 Blade Hands              Tmut           ###.......   83%         5    ######.


Dungeon Overview and Level Annotations

Branches:
Dungeon (4/15)
 Temple: D:4-7

Altars:
Dithmenos
Hepliaklqana
Trog
Yredelemnul

Annotations:
D:4 Dowan


Innate Abilities, Weirdness & Mutations

You cannot wear most types of armour.
You are very stealthy in the water. (Stealth+)
((You are amphibious.))
You can wear up to eight rings at the same time.
((You can use your tentacles to constrict eight enemies at once.))
((Your skin changes colour to match your surroundings (Stealth+).))
((Your rubbery body absorbs attacks. (AC +1, EV +1)))
You are surrounded by a mild repulsion field. (EV +2)
Your natural rate of healing is unusually fast.


Message History

You are confused.
You feel invigorated.
The orc priest hits you with a +2 flail of draining.
* * * LOW HITPOINT WARNING * * *
You feel drained.
* * * LOW HITPOINT WARNING * * *
An orc comes into view. It is wielding a +0 whip.
The orc wizard hits you but does no damage.
Dowan mumbles some strange words.
Dowan blinks!
You barely miss the orc priest.
The orc shouts!
The orc priest closely misses you. The orc wizard misses you.
You're too confused to move!
Your transformation is almost over.
The orc wizard completely misses you.
The orc priest hits you with a +2 flail of draining!
* * * LOW HITPOINT WARNING * * *
You feel drained.
You die...

#..........#....# ##
...........#....#
....#........###### .
# §...........# #
..#.#.......÷...#..##
.....e##....<[......#
.....=w######[#..##...
#..o#............
###s.............
..##.###o.............
......................
......................
#........$.........%..
.....o##.............
..##.. #............ .
... [..)........ ...
#........


You could see Dowan, a worm, an orc priest, an orc wizard and an orc.

Vanquished Creatures
  Sigmund (D:2)
  Duvessa (D:4)
  A scorpion (D:4)
  An orc priest (D:3)
  An orc wizard (D:4)
  An iguana (D:4)
  Natasha (thrice) (D:2)
  4 adders
  An ooze (D:4)
  3 worms
  3 dart slugs
  A leopard gecko (D:4)
  11 orcs
  A giant cockroach (D:2)
  8 goblins
  6 hobgoblins
  12 jackals
  A quokka (D:4)
  5 ball pythons
  11 bats
  5 frilled lizards
  7 kobolds
  7 rats
95 creatures vanquished.

Notes
Turn   | Place    | Note
-------+----------+-------------------------------------------
     0 | D:1      | Hugehornet the Octopode Transmuter began the quest for the
                  | Orb.
     0 | D:1      | Reached XP level 1. HP: 13/13 MP: 3/3
   218 | D:1      | Reached XP level 2. HP: 16/18 MP: 3/5
   937 | D:1      | Reached XP level 3. HP: 23/23 MP: 4/6
   997 | D:2      | Noticed Natasha
  1003 | D:1      | Learned a level 2 spell: Sticks to Snakes
  1007 | D:1      | Learned a level 3 spell: Spider Form
  1019 | D:2      | Killed Natasha
  1019 | D:2      | Reached skill level 1 in Poison Magic
  1252 | D:2      | Gained mutation: You are surrounded by a mild repulsion
                  | field. (EV +2) [potion of mutation]
  1252 | D:2      | Gained mutation: Your natural rate of healing is unusually
                  | fast. [potion of mutation]
  1312 | D:2      | Reached XP level 4. HP: 23/28 MP: 8/8
  1349 | D:2      | Noticed Natasha
  1359 | D:2      | Killed Natasha
  1410 | D:2      | Noticed Natasha
  1416 | D:2      | Killed Natasha
  1467 | D:2      | Reached XP level 5. HP: 33/33 MP: 9/9
  1519 | D:2      | Found a shadowy altar of Dithmenos.
  1591 | D:2      | Found a bloodstained altar of Trog.
  1722 | D:2      | Noticed Sigmund
  1735 | D:2      | Killed Sigmund
  1735 | D:2      | Reached XP level 6. HP: 38/38 MP: 6/11
  1742 | D:2      | Learned a level 4 spell: Ice Form
  1785 | D:2      | Found a hazy altar of Hepliaklqana.
  2437 | D:3      | Reached skill level 1 in Ice Magic
  2571 | D:3      | Found a basalt altar of Yredelemnul.
  2637 | D:4      | Reached XP level 7. HP: 25/43 MP: 12/12
  2688 | D:4      | Noticed Duvessa
  2705 | D:4      | Noticed Dowan
  2706 | D:4      | Killed Duvessa
  2898 | D:4      | HP: 2/43 [orc priest/+2 flail of draining (12)]
  2898 | D:4      | Slain by an orc priest

Levels and vault maps discovered:
D:1:      dpeg_arrival_ternary, layout_rooms, serial_bayou_pond_e, minivault_23
D:2:      layout_rooms, lemuel_coloured_pillars_altar, lightli_temple_of_fire,
          lemuel_round_altar, minmay_tromino_v7, uniq_sigmund, uniq_natasha
D:3:      layout_basic, marbit_many_paths
D:4:      layout_rooms, kennysheep_slug_shrine, kennysheep_little_box,
          kennysheep_mini_moat, temple_green, first_ration, uniq_duvessa,
          uniq_grinder

Skill      XL: |  1  2  3  4  5  6  7 |
---------------+----------------------+-----
Transmutations | 3 4 |  4.7
Poison Magic   | 1 2 3 |  3.5
Spellcasting   | 3 |  3.8
Unarmed Combat | 4 |  4.4
Ice Magic      | 1 2 |  2.3
Fighting       | |  1.0
Dodging        | |  2.0

Action                   |  1- 3 |  4- 6 |  7- 9 || total
-------------------------+-------+-------+-------++-------
Melee: Unarmed           |    59 |   129 |    27 ||   215
       Constrict         |    19 |    31 |     2 ||    52
       Kick              |    14 |    24 |     4 ||    42
       Tentacles         |     8 |    18 |     2 ||    28
       Punch             |       |     1 |       ||     1
 Cast: Beastly Appendage |    17 |    20 |       ||    37
       Spider Form       |     1 |     4 |     2 ||     7
 Abil: End Transformatio |       |     2 |       ||     2
  Use: Scroll            |     2 |     2 |       ||     4
       Potion            |     1 |       |     2 ||     3
 Stab: Sleeping          |     2 |     8 |       ||    10
  Eat: Chunk             |     1 |     5 |     1 ||     7
Armor: Skin              |     8 |     6 |     3 ||    17
Dodge: Dodged            |    42 |    76 |    21 ||   139
